 Dungeon Crawl Stone Soup version 0.19.4 (console) character file.

2586 itsmu the Destroyer (level 9, 0/65 HPs)
             Began as a Formicid Ice Elementalist on Feb 1, 2017.
             Was a Follower of Ru.
             Succumbed to a killer bee's poison
             ... on level 7 of the Dungeon.
             The game lasted 00:29:31 (9069 turns).

itsmu the Destroyer (Formicid Ice Elementalist)     Turns: 9069, Time: 00:29:31

Health: 0/65       AC:  3    Str: 16    XL:     9   Next: 88%
Magic:  15/15      EV: 12    Int: 21    God:    Ru [*.....]
Gold:   259        SH:  0    Dex: 11    Spells: 4 memorised, 6 levels left

rFire  + . .     SeeInvis +     a - +0 spear
rCold  . . .     Gourm    .     d - +0 robe {rF+}
rNeg   . . .     Faith    .     (no shield)
rPois  .         Spirit   .     (helmet unavailable)
rElec  .         Reflect  .     (no cloak)
rCorr  .         Harm     .     f - +0 pair of gloves
MR     .....                    (no boots)
Stlth  ++........               (no amulet)
                                v - +3 ring of strength
                                p - +3 ring of intelligence

@: lethally poisoned (0 -> -3), very slightly contaminated, invisible
A: permanent stasis, dig shafts and tunnels, four strong arms, antennae 3,
inability to read while threatened
a: Dig, Shaft Self, Renounce Religion


You were on level 7 of the Dungeon.
You worshipped Ru.
Ru was aware of your devotion.
You were not hungry.

You visited 2 branches of the dungeon, and saw 9 of its levels.

You collected 259 gold pieces.

Inventory:

Hand Weapons
 a - a +0 spear (weapon)
   (You took it off a gnoll on level 4 of the Dungeon)
 x - a +0 glaive
   (You took it off Blork the orc on level 4 of the Dungeon)
Missiles
 l - 151 stones (quivered)
Armour
 d - a +0 robe of fire resistance (worn)
   (You took it off an orc wizard on level 6 of the Dungeon)
 f - a +0 pair of gloves (worn)
   (You found it on level 2 of the Dungeon)
Jewellery
 p - a +3 ring of intelligence (left hand)
   (You found it on level 3 of the Dungeon)
 v - a +3 ring of strength (right hand)
   (You found it on level 4 of the Dungeon)
Scrolls
 g - 3 scrolls of random uselessness {unknown}
 h - 2 scrolls of immolation {unknown}
 n - a scroll of magic mapping
 o - a scroll of remove curse
 q - 2 scrolls of recharging {unknown}
 u - a scroll of blinking {unknown}
 z - a scroll of fear
Potions
 t - 3 potions of brilliance
Books
 b - a book of Frost

   Spells                             Type                      Level
   a - Freeze                         Ice                          1
   b - Throw Frost                    Conjuration/Ice              2
   c - Ozocubu's Armour               Charms/Ice                   3
   d - Throw Icicle                   Conjuration/Ice              4
   e - Summon Ice Beast               Ice/Summoning                4
 m - a book of Summonings
   (You found it on level 3 of the Dungeon)

   Spells                             Type                      Level
   a - Recall                         Summoning/Translocation      3
   b - Aura of Abjuration             Summoning                    5
   c - Summon Demon                   Summoning                    5
   d - Summon Forest                  Summoning/Translocation      5
   e - Summon Mana Viper              Hexes/Summoning              5
   f - Shadow Creatures               Summoning                    6
Comestibles
 c - 7 bread rations
 j - 2 meat rations
 A - 2 fruits
 C - 3 chunks of flesh


   Skills:
 - Level 4.0 Fighting
 - Level 1.7 Dodging
 - Level 2.4 Stealth
 - Level 4.3 Spellcasting
 * Level 8.0 Conjurations
 + Level 8.0 Ice Magic


You had 6 spell levels left.
You knew the following spells:

 Your Spells              Type           Power        Failure   Level  Hunger
a - Freeze                Ice            ####         1%          1    None
b - Throw Frost           Conj/Ice       #####.       1%          2    #......
c - Throw Icicle          Conj/Ice       #####...     4%          4    ####...
Q - Ozocubu's Armour      Chrm/Ice       ###.....     10%         3    ##.....


Dungeon Overview and Level Annotations

Branches:
Dungeon (8/15)             Temple (1/1) D:4
   Lair: D:8-11

Altars:
Ashenzari
Cheibriados
Fedhas
Gozag
Hepliaklqana
Kikubaaqudgha
Makhleb
Nemelex Xobeh
Okawaru
Qazlal
Ru
Sif Muna
Trog
Uskayaw
Vehumet
Xom
Yredelemnul

Shops:
D:5 %   D:6 :

Annotations:
D:5 Sigmund
D:6 Edmund


Innate Abilities, Weirdness & Mutations

You are under a permanent stasis effect.
You can dig through walls and to a lower floor.
Your four strong arms can wield two-handed weapons with a shield.
You have a pair of large antennae on your head. (SInv)
You cannot read scrolls while threatened.


Message History

You are very lightly contaminated with residual magic.
It was a potion of magic.
Magic courses through your body.
* * * LOW HITPOINT WARNING * * *
You feel sick.
It was a potion of mutation.
You feel extremely strange.
Your feet thicken and deform.
You feel nature experimenting on you.
Don't worry, failures die fast.
Your connection to magic feels subdued.
* * * LOW HITPOINT WARNING * * *
You feel sick.
It was a potion of cure mutation.
It has a very clean taste.
Your magic regains its normal vibrancy.
Nature stops experimenting on you.
Your hooves expand and flesh out into feet!
You can read scrolls again.
Okay, then.
Unknown command.
Enter note: oh well Unknown command.
There is a lethal amount of poison in your body!
You die...

#.......'#######'..
#.......#...#...#..
#.......#...#...#.#
#.......#.......#..
#.......###._.###..
#.......#.......###
#...>...#...#...#.#
###†#.#.#...#...#.#
#a##.#.'#######'.#
#####.#...........#
#..................
#..................
#.................)
########...........
########..........
##......##...##....
##........##.###....


There were no monsters in sight!

Vanquished Creatures
  Prince Ribbit (D:6)
  A hippogriff (D:7)
  Eustachio (D:6)
  A sky beast (D:7)
  5 ogres
  A centaur (D:6)
  A crocodile (D:7)
  Blork the orc (D:4)
  2 bullfrogs
  A scorpion (D:4)
  3 killer bees
  A howler monkey (D:4)
  A crimson imp (D:5)
  5 hounds
  2 quasits
  2 jellies (D:6)
  6 orc wizards
  2 orc priests (D:7)
  An iguana (D:7)
  Terence (D:3)
  Natasha (twice) (D:4)
  3 worker ants (D:6)
  A hound skeleton (D:7)
  2 worker ant zombies (D:7)
  2 gnolls
  11 adders
  2 oozes
  3 worms (D:2)
  5 dart slugs
  2 leopard geckos
  20 orcs
  7 bats
  6 giant cockroaches
  9 hobgoblins
  10 jackals
  9 kobolds
  6 quokkas
  3 frilled lizards
  3 goblins
  6 rats
151 creatures vanquished.

Notes
Turn   | Place    | Note
-------+----------+-------------------------------------------
     0 | D:1      | itsmu the Formicid Ice Elementalist began the quest for the Orb.
     0 | D:1      | Reached XP level 1. HP: 13/13 MP: 3/3
   291 | D:1      | Reached XP level 2. HP: 13/20 MP: 0/5
   419 | D:1      | Learned a level 2 spell: Throw Frost
   515 | D:1      | Reached skill level 1 in Conjurations
   968 | D:1      | Reached skill level 1 in Fighting
   977 | D:1      | Reached XP level 3. HP: 23/26 MP: 1/6
  1628 | D:2      | Reached XP level 4. HP: 25/32 MP: 1/8
  1704 | D:2      | Learned a level 3 spell: Ozocubu's Armour
  2231 | D:2      | Found a burning altar of Makhleb.
  2477 | D:2      | Reached XP level 5. HP: 31/37 MP: 0/9
  2590 | D:3      | Noticed Terence
  3368 | D:3      | Learned a level 4 spell: Throw Icicle
  3739 | D:3      | Killed Terence
  3739 | D:3      | Reached XP level 6. HP: 41/44 MP: 1/10
  3840 | D:4      | Noticed Blork the orc
  3925 | D:4      | Found an iron altar of Okawaru.
  4145 | D:4      | Noticed Natasha
  4148 | D:4      | Killed Natasha
  4148 | D:4      | Reached skill level 5 in Ice Magic
  4171 | D:4      | Found a staircase to the Ecumenical Temple.
  4176 | Temple   | Entered the Ecumenical Temple
  4233 | Temple   | Became a worshipper of Ru the Awakened
  4346 | D:4      | Found a stormy altar of Qazlal.
  4437 | D:5      | Entered Level 5 of the Dungeon
  4444 | D:5      | Noticed Sigmund
  4507 | D:5      | Noticed an ogre
  4533 | D:6      | Noticed Eustachio
  4540 | D:5      | Noticed an ice beast
  4541 | D:5      | jfc
  4588 | D:4      | Noticed Natasha
  4591 | D:4      | Killed Natasha
  4591 | D:4      | Reached XP level 7. HP: 51/51 MP: 8/12
  4638 | D:4      | Killed Blork the orc
  5050 | D:5      | Found an ancient bone altar of Kikubaaqudgha.
  5108 | D:5      | Found Diludupa's Food Emporium.
  5410 | D:6      | Gained mutation: You cannot read scrolls while threatened. [Ru sacrifice]
  5410 | D:6      | Reached * piety under Ru
  5574 | D:6      | Reached XP level 8. HP: 49/58 MP: 3/13
  5576 | D:6      | Noticed Edmund
  5697 | D:6      | Noticed Prince Ribbit
  5715 | D:6      | Killed Prince Ribbit
  5939 | D:6      | Reached skill level 5 in Conjurations
  6121 | D:6      | Found Qehon's Book Emporium.
  6593 | D:7      | Found a sparkling altar of Nemelex Xobeh.
  6716 | D:6      | oh right
  6740 | D:6      | Killed Eustachio
  6852 | D:6      | Reached XP level 9. HP: 54/65 MP: 10/15
  7281 | D:7      | Found a shattered altar of Ashenzari.
  7282 | D:7      | Noticed a hippogriff
  7526 | D:7      | Found a sacrificial altar of Ru.
  8221 | D:7      | Killed a hippogriff
  8973 | D:8      | Found a hide-covered altar of Uskayaw.
  8973 | D:8      | Noticed a hand axe
  8974 | D:8      | Noticed a dagger
  9063 | D:7      | HP: 3/65 [poisoned by a killer bee]
  9066 | D:7      | HP: 1/65 [poisoned by a killer bee]
  9067 | D:7      | Gained mutation: You have large cloven feet. [potion of mutation]
  9067 | D:7      | Gained mutation: You evolve. [potion of mutation]
  9067 | D:7      | Gained mutation: Your spells are a little easier to cast, but a little less powerful. [potion of mutation]
  9068 | D:7      | Lost mutation: Your spells are a little easier to cast, but a little less powerful. [potion of cure mutation]
  9068 | D:7      | Lost mutation: You evolve. [potion of cure mutation]
  9068 | D:7      | Lost mutation: You have large cloven feet. [potion of cure mutation]
  9069 | D:7      | oh well
  9069 | D:7      | Succumbed to a killer bee's poison

Skill      XL: |  1  2  3  4  5  6  7  8  9 |
---------------+----------------------------+-----
Conjurations   | 1 2 3 4 5 8 |  8.0
Fighting       | 1 2 3 4 |  4.0
Ice Magic      | 4 5 6 8 |  8.0
Spellcasting   | 3 4 |  4.3
Dodging        | |  1.7
Stealth        | |  2.4

Action                   |  1- 3 |  4- 6 |  7- 9 || total
-------------------------+-------+-------+-------++-------
Melee: Unarmed           |       |     4 |       ||     4
       Spear             |       |       |    25 ||    25
Throw: Stone             |       |       |     4 ||     4
 Cast: Freeze            |    56 |    94 |   132 ||   282
       Throw Frost       |       |    27 |    60 ||    87
       Throw Icicle      |       |       |    30 ||    30
Invok: Sacrifice Words   |       |       |     1 ||     1
 Abil: Dig               |     1 |     5 |     4 ||    10
  Use: Scroll            |     4 |     5 |     2 ||    11
       Potion            |       |       |     9 ||     9
  Eat: Chunk             |     1 |    10 |    12 ||    23
       Beef jerky        |       |     3 |       ||     3
       Pizza             |       |       |     1 ||     1
       Meat ration       |       |       |     1 ||     1
       Fruit             |       |       |     1 ||     1
Armor: Robe              |     5 |    11 |    36 ||    52
Dodge: Dodged            |    35 |    59 |   104 ||   198
